 Dungeon Crawl Stone Soup version 0.25.1-2-g60ff931 (webtiles) character file.

Game seed: 4257426866838555427

67 Fang the Covered (level 4, -2/29 HPs)
             Began as a Gargoyle Fighter on Aug 28, 2020.
             Splashed by a jelly's acid (8 damage)
             ... on level 1 of the Dungeon.
             The game lasted 00:00:58 (955 turns).

Fang the Covered (Gargoyle Fighter)                  Turns: 955, Time: 00:00:58

Health: -2/29      AC:  6    Str: 20    XL:     4   Next: 18%
Magic:  4/4        EV:  7    Int:  9    God:
Gold:   56         SH:  9    Dex:  9    Spells: 3/3 levels left

rFire    . . .     SeeInvis .   a - +0 war axe
rCold    . . .     Gourm    .   f - +0 kite shield
rNeg     + . .     Faith    .   b - +0 scale mail
rPois    ∞         Spirit   .   (no helmet)
rElec    +         Reflect  .   (no cloak)
rCorr    .         Harm     .   (no gloves)
MR       .....                  (no boots)
Stlth    ..........             l - amulet of the acrobat
HPRegen  0.09/turn              (no ring)
MPRegen  0.09/turn              (no ring)

@: corroded
A: negative energy resistance 1, electricity resistance, unbreathing,
petrification resistance, rot immunity, AC +3
a: no special abilities


You were on level 1 of the Dungeon.
You were not hungry.

You visited 1 branch of the dungeon, and saw 2 of its levels.

You collected 56 gold pieces.

Inventory:

Hand Weapons
 a - a +0 war axe (weapon)
Armour
 b - a +0 scale mail (worn)
 f - a +0 kite shield (worn)
Jewellery
 l - an amulet of the acrobat (around neck)
Wands
 m - a wand of iceblast (4)
Scrolls
 e - a scroll of identify {unknown}
 k - a scroll of teleportation {unknown}
 n - a scroll of enchant armour {unknown}
 o - a scroll of remove curse {unknown}
Potions
 d - a potion of might
 g - a potion of haste {unknown}
 i - a potion of stabbing {unknown}
 j - a potion of curing {unknown}
 p - 2 potions of brilliance {unknown}
 q - a potion of heal wounds {unknown}
Comestibles
 c - 3 rations
 h - a chunk of flesh


   Skills:
 + Level 3.9 Fighting
 + Level 2.4 Axes
 + Level 3.9 Armour
 + Level 3.9 Shields


You had 3 spell levels left.
You didn't know any spells.
Your spell library was empty.

Dungeon Overview and Level Annotations

Branches:
Dungeon (2/15)

Altars:
Ru


Innate Abilities, Weirdness & Mutations

You are resistant to torment.
Your stone body is resilient. (AC +3)
You are immune to poison.
You resist negative energy. (rN+)
You are resistant to electric shocks. (rElec)
You can survive without breathing.
You are immune to petrification.
You are immune to rotting.


Message History

You are too injured to fight recklessly!
You are too injured to fight recklessly!
You are too injured to fight recklessly!
The gnoll hits you but does no damage. You block the gnoll's attack.
Found 4 gold pieces.
You see here a rat corpse.
You block the gnoll's attack. The gnoll completely misses you.
You block the jelly's attack. The gnoll completely misses you.
There is a stone staircase leading up here.
You block the gnoll's attack. The gnoll hits you but does no damage.
The jelly hits you but does no damage. You block the gnoll's attack.
You climb upwards.
There is a stone staircase leading down here.
You hit the jelly.
Your hands burn!
* * * LOW HITPOINT WARNING * * *
The jelly is lightly wounded.
You completely miss the gnoll. The jelly hits you.
* * * LOW HITPOINT WARNING * * *
The acid corrodes you!
You are splashed with acid!
You die...

##### ###...############
#.J...............
#@...#############
#g############.... #.#
#.....##..8. #####.#
#..<..##.(.. #.....##
#..#..#####'
####......####..#..##....
#.........'.##.....'.....
##.........#.#########....
#.....#+#+##.####### #....


You could see a jelly and a gnoll.

Vanquished Creatures
  An orc wizard (D:2)
  A gnoll (D:2)
  An ooze (D:1)
  A dart slug (D:2)
  A ball python (D:2)
  4 bats (D:2)
  3 giant cockroaches
  4 hobgoblins
  A quokka (D:2)
  2 goblins
  2 kobolds
  5 rats
26 creatures vanquished.

Notes
Turn   | Place    | Note
-------+----------+-------------------------------------------
     0 | D:1      | Fang the Gargoyle Fighter began the quest for the Orb.
     0 | D:1      | Reached XP level 1. HP: 14/14 MP: 1/1
   227 | D:1      | Reached XP level 2. HP: 19/19 MP: 2/2
   673 | D:2      | Found a sacrificial altar of Ru.
   686 | D:2      | Reached XP level 3. HP: 24/24 MP: 3/3
   907 | D:2      | Reached XP level 4. HP: 27/29 MP: 4/4
   955 | D:1      | Splashed by a jelly's acid

Illustrated notes

Levels and vault maps discovered:
D:1:      dpeg_arrival_rooms_b, layout_basic
D:2:      layout_rooms, nicolae_ru_great_annihilating_truth, chequers_garden

Skill      XL: |  1 |
---------------+----+-----
Axes           | 2 |  2.4
Fighting       | |  3.9
Armour         | |  3.9
Shields        | |  3.9

Action                   |  1- 3 |  4- 6 || total
-------------------------+-------+-------++-------
Melee: War axe           |    94 |     8 ||   102
 Stab: Paralysed         |     2 |       ||     2
Armor: Scale mail        |    49 |     5 ||    54
Dodge: Dodged            |    54 |    12 ||    66
Block: Kite shield       |    55 |    15 ||    70
